AoeStats
← 雞雞歪歪

Arabia

509891521Analyzed
1v1 RM · 3d ago on Sep 28, 2026· 55m 22s· 2 players
Game mode
Random Map
Map size
Tiny (2 player)
Population
200
Speed
Normal
Resources
Standard
Victory
Conquest
Starting age
Dark Age
Ending age
Imperial Age
RankedLock teamsTeams togetherTeam positionsShared explorationLock speedFull tech treeHidden civsTurbo modeCheats
Victory
Defeat
🇬🇧 Mongols · United Kingdom
1325
+18
🇹🇼 Mongols · Taiwan
1363
-18
Euphoria
6:08 Loom
8:23 Feudal Age
8:56 Double-Bit Axe
15:42 Wheelbarrow
19:00 Castle Age
17:32 Forging
17:19 Gold Mining
17:19 Horse Collar
18:34 Bloodlines
20:04 Bow Saw
22:03 Fletching
22:27 Husbandry
23:05 Elite Skirmisher
23:47 Padded Archer Armor
25:07 Leather Archer Armor
26:27 Bodkin Arrow
28:51 Town Watch
29:15 Stone Mining
30:15 Scale Barding Armor
30:36 Ballistics
32:23 Chain Barding Armor
36:48 Imperial Age
35:35 Hand Cart
36:47 Iron Casting
37:11 Thumb Ring
37:32 Bracer
38:34 Chemistry
38:05 Parthian Tactics
38:12 Conscription
38:11 Heavy Camel Rider
39:01 Heavy Plow
39:11 Crossbowman
43:25 Elite Mangudai
45:06 Town Patrol
44:56 Light Cavalry
45:50 Hussar
46:59 Masonry
48:28 Hoardings
雞雞歪歪
9:25 Feudal Age
9:31 Loom
19:27 Castle Age
19:01 Fletching
19:07 Double-Bit Axe
20:02 Fletching
22:21 Bodkin Arrow
25:13 Ballistics
25:38 Husbandry
26:50 Padded Archer Armor
28:52 Gold Mining
30:14 Bow Saw
31:15 Wheelbarrow
32:00 Scale Barding Armor
33:53 Chain Barding Armor
34:24 Gold Shaft Mining
41:42 Bloodlines
44:07 Imperial Age
42:06 Thumb Ring
43:37 Leather Archer Armor
43:33 Forging
43:38 Light Cavalry
44:51 Bracer
47:09 Conscription
47:20 Elite Skirmisher
56:53 Chemistry
Connection lost

Rejoining the realm…

Still unreachable

The connection could not be restored.

Session expired

The server has moved on; the page needs a fresh start.